 Dungeon Crawl Stone Soup version 0.19.5 (webtiles) character file.

3777 Kosschaser the Grappler (level 9, -10/126 HPs)
             Began as a Troll Berserker on May 26, 2017.
             Was a High Priest of Trog.
             Killed from afar by an electric eel (11 damage)
             ... with a bolt of electricity
             ... on level 7 of the Dungeon.
             The game lasted 00:15:44 (4715 turns).

Kosschaser the Grappler (Troll Berserker)           Turns: 4715, Time: 00:15:47

Health: -10/126    AC:  6    Str: 35    XL:     9   Next: 95%
Magic:  6/6        EV: 12    Int:  3    God:    Trog [*****.]
Gold:   397        SH:  0    Dex:  9    Spells: 0 memorised, 8 levels left

rFire  + . .     SeeInvis .       - Unarmed
rCold  . . .     Gourm    +     w - +1 robe {rN+}
rNeg   + . .     Faith    .     (no shield)
rPois  .         Spirit   .     (helmet restricted)
rElec  .         Reflect  .     (no cloak)
rCorr  .         Harm     .     (gloves unavailable)
MR     .....                    (boots unavailable)
Stlth  ..........               (no amulet)
                                (no ring)
                                g - ring of protection from fire

@: berserking, very quick
A: unfitting armour, claws 3, horns 1, fast metabolism 3, gourmand, low mp 2,
regeneration 1, shaggy fur 1, tough skin 2
a: Berserk, Trog's Hand, Brothers in Arms, Burn Spellbooks, Renounce Religion


You were on level 7 of the Dungeon.
You worshipped Trog.
Trog was extremely pleased with you.
You were not hungry.

You visited 1 branch of the dungeon, and saw 7 of its levels.

You collected 397 gold pieces.

Inventory:

Armour
 w - a +1 robe of positive energy (worn)
Jewellery
 g - a ring of protection from fire (left claw)
Wands
 u - a wand of paralysis (13/24)
 y - a wand of polymorph (11/24)
Scrolls
 a - a scroll of magic mapping {unknown}
 c - 7 scrolls of identify {unknown}
 h - a scroll of fear {unknown}
 j - 6 scrolls of teleportation {unknown}
 l - 3 scrolls of enchant armour {unknown}
 m - a scroll of fog {unknown}
 n - 4 scrolls of remove curse {unknown}
 o - a scroll of blinking {unknown}
 p - a scroll of recharging {unknown}
 q - a scroll of immolation {unknown}
 t - a scroll of random uselessness {unknown}
 B - a scroll of noise {unknown}
Potions
 e - 6 potions of curing {unknown}
 f - 2 potions of invisibility {unknown}
 i - a potion of lignification {unknown}
 k - 3 potions of haste {unknown}
 r - a potion of mutation {unknown}
 v - 2 potions of brilliance {unknown}
 x - 5 potions of heal wounds {unknown}
 A - a potion of magic {unknown}
 C - a potion of beneficial mutation {unknown}
Comestibles
 b - 6 bread rations
 d - 3 meat rations
 s - a royal jelly
 z - a beef jerky


   Skills:
 + Level 4.0 Fighting
 + Level 5.5 Dodging
 + Level 1.8 Stealth
 + Level 12.0 Unarmed Combat


You had 8 spell levels left.
You didn't know any spells.

Dungeon Overview and Level Annotations

Branches:
Dungeon (7/15)             Temple (0/1) D:7

Altars:
Cheibriados
Dithmenos
Hepliaklqana
Makhleb
Qazlal
Ru
Sif Muna
Trog
Vehumet
The Shining One


Innate Abilities, Weirdness & Mutations

You are too large for most types of armour.
You have claws for hands.
Your metabolism is lightning-fast.
You like to eat raw meat.
Your natural rate of healing is unusually fast.
You are covered in fur. (AC +1)
You have very tough skin. (AC +2)
You have a pair of small horns on your head.
Your magical capacity is very low. (-20% MP)


Message History

The electric eel is severely wounded.
The electric eel shoots out a bolt of lightning at you!
The bolt of electricity hits you! x2
* * * LOW HITPOINT WARNING * * *
The electric eel shoots out a bolt of lightning at you!
The bolt of electricity hits the electric eel.
The electric eel completely resists.
The bolt of electricity hits you!
* * * LOW HITPOINT WARNING * * *
A red film seems to cover your vision as you go berserk!
You feel yourself moving faster!
You feel mighty!
The electric eel shoots out a bolt of lightning at you!
The bolt of electricity hits you!
* * * LOW HITPOINT WARNING * * *
You barely miss the electric eel. Your headbutt misses the electric eel.
The electric eel is severely wounded.
The electric eel shoots out a bolt of lightning at you!
The bolt of electricity hits you!
* * * LOW HITPOINT WARNING * * *
The bolt of electricity hits you!
You die...

########..#.##≈..P. ##≈#.......#
##..#.#≈;≈PP. #≈##......#
#..##.#;≈?≈.. #≈##.......
#######.###.#≈;!... +#.##.......
#...##..###≈##≈.)P. #..##.....##
##.......##≈##########.###..####
#........#≈##≈)$P..##≈≈# #..#
#........#.#≈;;;P...#≈## #..#
#...†....#.#≈?..@...#≈# ##.#
#........#.#≈≈≈P≈..'#.# #.#
#.......##'##≈(....#..# #.#
##....###...########.## #.#
#...## #..## ### #.# #..## #.##
#.## #.## ###.# ####..#
##.####...## #.....#
#.###.....)# ##.## #.....##


You could see 3 electric eels.

Vanquished Creatures
  The ghost of Azzok the Carver, a novice MiFi of Okawaru (D:7)
  The ghost of Kosschaser the Ruffian, a novice TrBe of Trog (D:5)
  The ghost of tschems the Shield-Bearer, an amateur HuFi (D:3)
  Duvessa (D:4)
  3 orc warriors
  A sky beast (D:6)
  A phantom (D:6)
  A centaur (D:5)
  An ice beast (D:5)
  3 ogres
  A big kobold (D:7)
  3 bullfrogs
  Dowan (D:4)
  2 scorpions (D:5)
  5 crimson imps
  2 jellies
  3 bullfrog skeletons
  7 orc priests
  Ijyb (D:3)
  Terence (D:2)
  2 iguanas
  10 orc wizards
  7 worker ants
  A worker ant zombie (D:4)
  14 adders
  A shadow imp (D:5)
  An adder zombie (D:6)
  2 adder skeletons
  A worm (D:6)
  2 dart slugs
  7 leopard geckos
  32 orcs
  4 giant cockroaches
  8 hobgoblins
  2 jackals (D:2)
  A quokka (D:3)
  A ball python (D:2)
  5 bats
  6 frilled lizards
  A giant cockroach zombie (D:5)
  9 goblins
  7 kobolds
  9 rats
173 creatures vanquished.

Vanquished Creatures (others)
  An orc wizard (D:6)
  An adder (D:5)
2 creatures vanquished.

Grand Total: 175 creatures vanquished

Notes
Turn   | Place    | Note
-------+----------+-------------------------------------------
     0 | D:1      | Kosschaser the Troll Berserker began the quest for the Orb.
     0 | D:1      | Reached XP level 1. HP: 22/22 MP: 0/0
   299 | D:1      | Reached XP level 2. HP: 29/29 MP: 1/1
   673 | D:2      | Reached XP level 3. HP: 36/36 MP: 2/2
   677 | D:2      | Reached ** piety under Trog
   731 | D:2      | Found a faded altar of an unknown god.
   789 | D:2      | Found a glowing golden altar of the Shining One.
   841 | D:2      | Reached skill level 4 in Unarmed Combat
   959 | D:2      | Noticed Terence
   971 | D:2      | Killed Terence
   971 | D:2      | Reached XP level 4. HP: 42/44 MP: 3/3
  1045 | D:2      | Found a deep blue altar of Sif Muna.
  1405 | D:3      | Noticed tschems's ghost (amateur HuFi)
  1418 | D:3      | Killed tschems's ghost
  1418 | D:3      | Reached skill level 5 in Unarmed Combat
  1418 | D:3      | Reached XP level 5. HP: 35/53 MP: 4/4
  1515 | D:3      | Noticed Ijyb
  1521 | D:3      | Killed Ijyb
  1521 | D:3      | Reached XP level 6. HP: 61/61 MP: 5/5
  1552 | D:3      | Reached *** piety under Trog
  1714 | D:2      | Found a sacrificial altar of Ru.
  2040 | D:4      | Noticed Dowan
  2042 | D:4      | Noticed Duvessa
  2050 | D:4      | Killed Duvessa
  2050 | D:4      | Reached skill level 6 in Unarmed Combat
  2052 | D:4      | Killed Dowan
  2217 | D:4      | Reached XP level 7. HP: 63/67 MP: 6/6
  2341 | D:4      | Reached skill level 7 in Unarmed Combat
  2426 | D:5      | Entered Level 5 of the Dungeon
  2426 | D:5      | Found a snail-covered altar of Cheibriados.
  2502 | D:5      | Found a shadowy altar of Dithmenos.
  2528 | D:5      | Reached skill level 8 in Unarmed Combat
  2532 | D:5      | Reached XP level 8. HP: 55/75 MP: 7/7
  2540 | D:5      | Reached **** piety under Trog
  2595 | D:5      | Found a stormy altar of Qazlal.
  2617 | D:5      | Found a bloodstained altar of Trog.
  2618 | D:5      | Noticed Kosschaser's ghost (novice TrBe)
  2626 | D:5      | Killed Kosschaser's ghost
  2626 | D:5      | Reached skill level 1 in Stealth
  2626 | D:5      | Reached skill level 9 in Unarmed Combat
  2817 | D:5      | Found a hazy altar of Hepliaklqana.
  3306 | D:6      | Reached skill level 10 in Unarmed Combat
  3393 | D:6      | Reached XP level 9. HP: 83/83 MP: 8/8
  3440 | D:6      | Found a burning altar of Makhleb.
  3766 | D:6      | Received a gift from Trog
  3766 | D:6      | Reached skill level 5 in Dodging
  3907 | D:6      | Gained mutation: Your magical capacity is low. (-10% MP) [mutagenic meat]
  3908 | D:6      | Gained mutation: You have a pair of small horns on your head. [mutagenic meat]
  3910 | D:6      | Gained mutation: Your magical capacity is very low. (-20% MP) [mutagenic meat]
  4070 | D:7      | Reached skill level 11 in Unarmed Combat
  4164 | D:7      | Noticed Azzok's ghost (novice MiFi)
  4177 | D:7      | Killed Azzok's ghost
  4239 | D:7      | Found a staircase to the Ecumenical Temple.
  4262 | D:7      | Reached ***** piety under Trog
  4401 | D:7      | Found a radiant altar of Vehumet.
  4471 | D:7      | Reached skill level 12 in Unarmed Combat
  4715 | D:7      | HP: 1/126 [electric eel/bolt of electricity (9)]
  4715 | D:7      | Killed from afar by an electric eel

Skill      XL: |  1  2  3  4  5  6  7  8  9 |
---------------+----------------------------+-----
Unarmed Combat | 4 5 6 8 10 12 | 12.0
Dodging        | 3 4 5 |  5.5
Fighting       | 3 4 |  4.0
Stealth        | 1 |  1.8

Action                   |  1- 3 |  4- 6 |  7- 9 || total
-------------------------+-------+-------+-------++-------
Melee: Unarmed           |    85 |    91 |   280 ||   456
       Punch             |       |     1 |    12 ||    13
       Headbutt          |       |       |    15 ||    15
Invok: Berserk           |     1 |     2 |     5 ||     8
       Burn Spellbooks   |       |       |     2 ||     2
 Stab: Sleeping          |       |       |     1 ||     1
  Eat: Chunk             |    12 |    14 |    29 ||    55
Armor: Animal skin       |    36 |    21 |       ||    57
       Robe              |       |     2 |    75 ||    77
Dodge: Dodged            |    56 |    45 |   131 ||   232
